 Dungeon Crawl Stone Soup version 0.29-a0-234-g0dae59b3db (webtiles) character file.

Game seed: 16927767375828540468

22 sammy202020 the Skirmisher (level 2, -2/24 HPs)
             Began as a Demonspawn Berserker on Mar 3, 2022.
             Was a Follower of Trog.
             Frozen to death by an endoplasm (4 damage)
             ... on level 2 of the Dungeon.
             The game lasted 00:01:06 (1155 turns).

sammy202020 the Skirmisher (Demonspawn Berserker)   Turns: 1155, Time: 00:01:08

Health: -2/24      AC:  3    Str: 17    XL:     2   Next: 68%
Magic:  2/2        EV: 12    Int:  8    God:    Trog [*.....]
Gold:   58         SH:  0    Dex: 12    Spells: 1/1 levels left

rFire   . . .      SeeInvis .   a - +0 mace
rCold   . . .      Faith    .   (no shield)
rNeg    . . .      Spirit   .   b - +0 animal skin
rPois   .          Reflect  .   (no helmet)
rElec   .          Harm     .   (no cloak)
rCorr   .          Rampage  .   f - +0 pair of gloves
Will    .....                   (no boots)
Stlth   +.........              (no amulet)
HPRegen 0.08/turn               (no ring)
MPRegen 0.16/turn               (no ring)

@: no status effects
A: magic regeneration
a: Renounce Religion, Berserk


You were on level 2 of the Dungeon.
You worshipped Trog.
Trog was aware of your devotion.
You visited 1 branch of the dungeon, and saw 2 of its levels.

You collected 58 gold pieces.

Inventory:

Hand Weapons
 a - a +0 mace (weapon)
Armour
 b - a +0 animal skin (worn)
 f - a +0 pair of gloves (worn)
Scrolls
 c - a scroll of teleportation {unknown}
 e - a scroll of summoning {unknown}
 h - a scroll of identify {unknown}
Potions
 d - a potion of flight {unknown}
 g - a potion of brilliance {unknown}


   Skills:
 + Level 3.2 Fighting
 + Level 3.0 Maces & Flails
 + Level 2.1 Armour
 + Level 2.1 Dodging


You had one spell level left.
You didn't know any spells.
Your spell library was empty.

Dungeon Overview and Level Annotations

Branches:
Dungeon (2/15)

Altars:

Annotations:
D:2 Jessica


Innate Abilities, Weirdness & Mutations

You regenerate magic rapidly.


Message History

Jessica shouts!
You closely miss Jessica. You punch Jessica.
Jessica is lightly wounded.
Jessica casts a spell at you. Pain shoots through your body!
The endoplasm freezes you.
You are frozen.
You are too injured to fight recklessly!
You are too injured to fight recklessly!
You are too injured to fight recklessly!
You are too injured to fight recklessly!
You are too injured to fight recklessly!
You are too injured to fight recklessly!
You are too injured to fight recklessly!
You are too injured to fight recklessly!
You are too injured to fight recklessly!
You are too injured to fight recklessly!
You are too injured to fight recklessly!
You are too injured to fight recklessly!
You are too injured to fight recklessly!
You are too injured to fight recklessly!
You are too injured to fight recklessly!
Unknown command.
You hit Jessica.
Jessica is moderately wounded.
Jessica barely misses you. The endoplasm freezes you.
You are frozen.
* * * LOW HITPOINT WARNING * * *
You barely miss Jessica.
Jessica is moderately wounded.
Jessica barely misses you. The endoplasm hits you.
* * * LOW HITPOINT WARNING * * *
You hit Jessica but do no damage.
Jessica is moderately wounded.
Jessica hits you with a +0 dagger.
* * * LOW HITPOINT WARNING * * *
The endoplasm freezes you.
You are frozen.
You die...

######### #.......#
#.......# #.......#
#.......# #...J@..#
#....@..# .. #.......# #.#
###..$### ... #....# #.# #
##....### #.#
#.##.##.......# #.#
#.......###.#.# ##.########
####.##.###.#.###......#...
.. #............###.#...


You could see Jessica and an endoplasm.

Vanquished Creatures
  2 dart slugs (D:1)
  A ball python (D:1)
  A giant cockroach (D:1)
  3 jackals (D:1)
  2 quokkas (D:1)
  3 bats (D:1)
  A frilled lizard (D:1)
  A goblin (D:1)
  3 rats (D:1)
17 creatures vanquished.

Notes
Turn   | Place    | Note
-------+----------+-------------------------------------------
     0 | D:1      | sammy202020 the Demonspawn Berserker began the quest for
                  | the Orb.
     0 | D:1      | Reached XP level 1. HP: 18/18 MP: 1/1
   276 | D:1      | Gained mutation: You regenerate magic rapidly. [demonic
                  | ancestry]
   276 | D:1      | Reached XP level 2. HP: 15/24 MP: 2/2
   667 | D:1      | Found a faded altar of an unknown god.
  1147 | D:2      | Noticed Jessica
  1155 | D:2      | Frozen to death by an endoplasm

Illustrated notes

Levels and vault maps discovered:
D:1:      sevenhm_arrival_forest_fort_small_6, layout_basic,
          dreamdust_ecumenical_altar_grove
D:2:      layout_loops_cross, basic_altar, minmay_small_reverse_x, uniq_jessica,
          uniq_terence

Skill      XL: |  1  2 |
---------------+-------+-----
Armour         | 2 |  2.1
Dodging        | 2 |  2.1
Maces & Flails | 3 |  3.0
Fighting       | |  3.2

Action                   || total
-------------------------++-------
Melee: Mace              ||    49
       Punch             ||     1
Armor: Animal skin       ||     8
Dodge: Dodged            ||    46

Table legend: (Time is in decaauts)
 A = Elapsed time spent in this place.
 B = Non-inter-level travel time spent in this place.
 C = Inter-level travel time spent in this place.
 D = Time resting spent in this place.
 E = Time spent auto-exploring this place.
 F = Levels seen in this place.
 G = Mean time per level.
                   A        B        C        D        E       F      G
               +--------+--------+--------+--------+--------+-----+--------+
         Total |   1167 |   1143 |     24 |      0 |    991 |   2 |  583.5 |
       Dungeon |   1167 |   1143 |     24 |      0 |    991 |   2 |  583.5 |
               +--------+--------+--------+--------+--------+-----+--------+

Top non-repeatable levels by time:
     D:1: 1130 daAuts
     D:2: 36 daAuts
